 Dungeon Crawl Stone Soup version 0.31.0-9-g3a7656b989 (webtiles) character file.

Game seed: 10721929278753894309

44 Gottschkopf the Trooper (level 3, 0/36 HPs)
             Began as a Minotaur Fighter on Jan 27, 2024.
             Succumbed to a gnoll's poison
             ... on level 2 of the Dungeon.
             The game lasted 00:02:20 (1336 turns).

Gottschkopf the Trooper (Minotaur Fighter)          Turns: 1336, Time: 00:02:21

Health: 0/36       AC:  8    Str: 22    XL:     3   Next: 39%
Magic:  2/2        EV:  9    Int:  5    God:
Gold:   75         SH:  4    Dex:  9    Spells: 2/2 levels left

rFire   . . .        a - +0 flail
rCold   . . .        c - +0 buckler
rNeg    . . .        b - +0 scale mail
rPois   .            (helmet restricted)
rElec   .            (no cloak)
rCorr   .            (no gloves)
SInv    .            j - +0 pair of boots
Will    .....        (no amulet) Stlth
                     (no ring)
HPRegen 0.26/turn    (no ring)
MPRegen 0.08/turn

%: no passive effects
@: lethally poisoned (0 -> -22)
A: horns 2, retaliatory headbutt
a: no special abilities


You were on level 2 of the Dungeon.
You visited 1 branch of the dungeon, and saw 2 of its levels.

You collected 75 gold pieces.

Inventory:

Hand Weapons
 a - a +0 flail (weapon)
 e - a +2 dagger of draining
Armour
 b - a +0 scale mail (worn)
 c - a +0 buckler (worn)
 j - a +0 pair of boots (worn)
Wands
 h - a wand of charming (8)
Scrolls
 g - a scroll of amnesia {unknown}
 i - a scroll of identify {unknown}
Potions
 d - a potion of might
 f - 2 potions of resistance {unknown}
 k - a potion of berserk rage {unknown}


   Skills:
 + Level 5.4 Fighting
 - Level 2.4 Maces & Flails
 - Level 3.6 Armour
 - Level 3.6 Shields


You had 2 spell levels left.
You didn't know any spells.
Your spell library contained the following spells:

 Spells                   Type           Power      Damage    Failure   Level
 Summon Small Mammal      Summ           0%         N/A       86%         1
 Call Canine Familiar     Summ           0%         N/A       99%         3
 Sigil of Binding         Hex            0%         N/A       99%         3
 Dimensional Bullseye     Hex/Tloc       0%         N/A       100%        4
 Summon Blazeheart Golem  Fire/Summ      0%         N/A       100%        4


Dungeon Overview and Level Annotations

Branches:
Dungeon (2/15)

Altars:
Kikubaaqudgha

Shops:
D:1 =!*(=


Innate Abilities, Weirdness & Mutations

You have a pair of horns on your head.
You reflexively headbutt those who attack you in melee.


Message History

The frilled lizard hisses angrily.
The endoplasm quivers.
The endoplasm hits you but does no damage.
You thump the endoplasm!
You kill the endoplasm!
You closely miss the frilled lizard.
Your headbutt misses the frilled lizard.
The frilled lizard hisses.
The frilled lizard barely misses you.
You hit the frilled lizard.
You kill the frilled lizard!
Found 5 poisoned darts.
k - a fizzy emerald potion A gnoll comes into view.
It is wielding a +0 spear. 2 gnolls come into view.
A gnoll is wielding a +0 halberd of venom.
The gnoll hits you with a +0 spear.
You sock the gnoll!
The gnoll is severely wounded.
The gnoll completely misses you. You block the gnoll's attack.
You hit the gnoll.
The gnoll is severely wounded.
The gnoll hits you but does no damage. The gnoll misses you.
You barely miss the gnoll.
The gnoll is severely wounded.
The gnoll hits you with a +0 spear. The gnoll hits you but does no damage.
You are poisoned.
You closely miss the gnoll.
The gnoll is severely wounded.
You feel very sick.
The gnoll hits you from afar with a +0 halberd of venom.
You are lethally poisoned!
You block the gnoll's attack. x2; The gnoll hits you but does no damage.
You sock the gnoll!
You kill the gnoll!
You feel very sick.
The gnoll hits you from afar with a +0 halberd of venom!
* * * LOW HITPOINT WARNING * * *
You are more poisoned.
You die...

................####
.....................
........#..^#########
#####รท....### #
#.#.######
#####........#
.#....#.####.#
...#..#.# #.########.#
#....##.####....@gg...#
#..............########
#...>..........#
...#...........#
...............#
...#...........#
...............#
####...........#
#...........#


You could see 2 gnolls.

Vanquished Creatures
  An adder (D:2)
  A gnoll (D:2)
  4 endoplasms
  2 giant cockroaches (D:2)
  A goblin (D:1)
  3 hobgoblins (D:2)
  3 kobolds
  2 quokkas (D:1)
  2 ball pythons
  2 bats
  A frilled lizard (D:2)
22 creatures vanquished.

Notes
Turn   | Place    | Note
-------+----------+-------------------------------------------
     0 | D:1      | Gottschkopf the Minotaur Fighter began the quest for the
                  | Orb.
     0 | D:1      | Reached XP level 1. HP: 19/19 MP: 0/0
    24 | D:1      | Found Ycleizes's Distillery.
    37 | D:1      | Found Aseudd's Weapon Emporium.
    46 | D:1      | Reached skill level 4 in Fighting
   117 | D:1      | Found Lonun's Jewellery Emporium.
   170 | D:1      | Found Lyam's General Store.
   327 | D:1      | Found Diurecs's Jewellery Boutique.
   351 | D:1      | Reached XP level 2. HP: 26/27 MP: 1/1
  1040 | D:2      | Reached skill level 5 in Fighting
  1184 | D:2      | Reached XP level 3. HP: 36/36 MP: 2/2
  1235 | D:2      | Found an ancient bone altar of Kikubaaqudgha.
  1336 | D:2      | Succumbed to a gnoll's poison

Illustrated notes

Levels and vault maps discovered:
D:1:      evilmike_arrival_plus, layout_basic, serial_shops, shop,
          nicolae_shop_statue_plus, shop, shop, nicolae_shop_real_fake_doors
D:2:      layout_basic, basic_altar, minivault_11

Skill      XL: |  1  2 |
---------------+-------+-----
Fighting       | 4 5 |  5.4
Maces & Flails | |  2.4
Armour         | |  3.6
Shields        | |  3.6

Action                     || total
---------------------------++-------
  Melee: Flail             ||    55
         Headbutt          ||     5
 Armour: Scale mail        ||    44
  Dodge: Dodged            ||    23
  Block: Buckler           ||    17
